Map: Saphir cosmique

Players

HeroMarine - Winner!

  • Race: Terran Terran
  • Spawn Location: 11:00

MaxPax

  • Race: Protoss Protoss
  • League: Grandmaster
  • Spawn Location: 5:00

VOD

Have the link to the VOD?

Description

Time

  • Played on: Oct. 21, 2022, 2:17 p.m.
  • Length: 12:37
Show
View Real Time Build Order
Export as new Build Order

HeroMarine Terran - Winner!

Build Orders: Reaper Expand 

Get SALT Encoding   

  12  0:00  SCV  
  13  0:12  SCV  
  14  0:17  Supply Depot  
  14  0:24  SCV  
  15  0:38  SCV  
  15  0:39  Barracks  
  16  0:42  Refinery  
  16  0:50  SCV  
  17  1:02  SCV  
  18  1:14  SCV  
  19  1:25  Reaper  
  19  1:26  Orbital Command  
  19  1:27  Supply Depot  
  20  1:48  Command Center  
  20  1:52  SCV  
  21  1:58  Barracks Reactor  
  21  2:04  SCV  
  22  2:16  SCV  
  22  2:19  Factory  
  23  2:28  SCV  
  23  2:29  Refinery  
  24  2:36  Marine x2  
  26  2:40  SCV  
  27  2:52  SCV  
  27  2:54  Marine x2  
  30  3:00  Command Center  
  30  3:03  Factory Tech Lab  
  30  3:04  SCV  
  31  3:12  Marine x2  
  33  3:16  SCV  
  34  3:21  Cyclone  
  34  3:23  Orbital Command  
  37  3:29  SCV, Marine  
  37  3:30  Marine  
  40  3:40  Barracks  
  40  3:41  SCV  
  41  3:45  Supply Depot  
  41  3:49  SCV  
  41  3:53  SCV, Marine x2  
  46  4:07  Siege Tank  
  49  4:11  Marine x2  
  49  4:13  Orbital Command  
  49  4:15  Barracks  
  49  4:17  SCV x2  
  51  4:26  Barracks Tech Lab  
  51  4:28  Marine  
  51  4:29  SCV x2, Marine  
  51  4:30  Engineering Bay  
  55  4:40  SCV, Siege Tank  
  55  4:41  SCV x2  
  55  4:44  Stimpack  
  61  4:47  Supply Depot  
  61  4:49  Marine  
  61  4:51  Marine  
  61  4:52  SCV  
  62  4:53  SCV x2  
  62  4:57  Marine  
  62  4:59  Terran Infantry Weapons Level 1  
  65  5:02  Missile Turret  
  65  5:04  Missile Turret  
  65  5:06  SCV  
  65  5:07  SCV, Marine  
  67  5:10  Marine  
  69  5:15  Marine  
  69  5:17  Combat Shield, Orbital Command  
  69  5:19  SCV, Starport  
  69  5:21  SCV  
  72  5:22  Factory Reactor  
  72  5:24  Marine x2  
  72  5:26  Refinery  
  72  5:27  Refinery  
  72  5:28  Marine  
  74  5:32  Marine  
  74  5:35  Supply Depot  
  76  5:36  Supply Depot  
  76  5:42  SCV, Barracks  
  77  5:43  Barracks  
  77  5:56  SCV x3, Marine x4  
  84  6:05  Medivac x2  
  84  6:08  SCV x3, Missile Turret  
  84  6:11  Missile Turret, Factory Reactor  
  91  6:12  Supply Depot  
  91  6:15  Supply Depot  
  91  6:20  SCV x2  
  91  6:23  Supply Depot  
  93  6:26  Concussive Shells  
  93  6:29  Supply Depot  
  93  6:31  Barracks Reactor, Barracks Tech Lab  
  93  6:34  SCV x2  
  93  6:37  Marauder  
  93  6:39  Supply Depot, Marauder  
  99  6:40  Marine x2  
  99  6:43  Medivac  
  99  6:45  Medivac  
  105  6:47  SCV x2  
  105  6:48  SCV  
  110  6:54  Supply Depot, Marauder  
  110  6:58  Marine x2  
  109  7:02  Marauder  
  109  7:05  Marine  
  109  7:07  Marine  
  106  7:13  Widow Mine x2, Marine  
  106  7:14  SCV  
  106  7:15  SCV, Marine  
  111  7:16  Marine  
  111  7:17  SCV  
  111  7:20  Marine  
  114  7:23  Marauder, Marine  
  114  7:24  Medivac  
  114  7:25  Marine  
  114  7:26  Medivac  
  122  7:30  Marine  
  122  7:33  Marine  
  122  7:34  Marine  
  124  7:39  Marine  
  124  7:42  Marauder  
  124  7:44  Marine  
  126  7:45  SCV, Marauder  
  126  7:46  SCV x2  
  123  7:51  Marauder, Marine  
  123  7:52  Marine  
  123  7:57  SCV  
  123  7:58  SCV x2  
  123  8:03  Marauder  
  106  8:06  Marauder  
  106  8:10  SCV x3  
  99  8:13  Marauder  
  99  8:20  Widow Mine x2  
  99  8:21  Armory, Marine  
  99  8:22  SCV x2  
  99  8:23  Marine x3  
  99  8:25  Medivac  
  112  8:28  Medivac  
  112  8:31  SCV  
  112  8:32  Bunker  
  112  8:34  SCV  
  115  8:35  SCV  
  115  8:38  Marauder x2  
  115  8:41  Marine x2  
  120  8:43  SCV  
  120  8:44  Marauder  
  120  8:46  SCV  
  120  8:47  SCV  
  121  8:53  Marine  
  116  8:55  SCV  
  116  8:58  SCV  
  116  8:59  SCV  
  116  9:00  Marauder x2  
  119  9:06  Marauder  
  119  9:08  SCV  
  114  9:10  SCV  
  114  9:11  SCV, Marine x2  
  114  9:15  Marine x2  
  114  9:17  Widow Mine x2  
  122  9:18  Medivac  
  122  9:20  Medivac  
  122  9:21  Marauder x2  
  133  9:27  Terran Infantry Weapons Level 2, Marauder  
  133  9:28  Engineering Bay  
  133  9:29  Marine x2  
  133  9:31  SCV  
  130  9:33  SCV  
  130  9:36  SCV  
  132  9:42  Marauder  
  132  9:43  Marauder  
  138  9:46  Starport, Marine x2  
  138  9:47  Marine  
  141  9:52  Refinery  
  141  9:53  Refinery  
  141  9:55  Supply Depot, Marauder  
  141  9:56  Terran Infantry Armor Level 1  
  141  9:58  Supply Depot x2  
  141  10:03  Viking  
  141  10:04  Marauder  
  141  10:05  Marine x3  
  148  10:12  Viking  
  146  10:19  Marauder x2  
  149  10:24  Marine x4  
  149  10:25  Marauder  
  149  10:26  Supply Depot  
  153  10:40  Marauder x2  
  153  10:42  Viking x2, Marine x2  
  153  10:43  Medivac  
  153  10:46  Marauder  
  152  10:57  Marine  
  152  11:00  Medivac  
  152  11:01  Marauder x2  
  155  11:07  Marine x3  
  155  11:08  SCV, Missile Turret, Marauder  
  155  11:09  SCV x2  
  163  11:12  Medivac  
  163  11:14  Marine  
  164  11:19  Viking  
  164  11:20  Viking  
  164  11:23  Marauder x2  
  164  11:25  Marine  
  171  11:29  Marauder  
  173  11:35  Supply Depot  
  173  11:37  Marine x2  
  174  11:44  Marauder x2, Marine x2  
  180  11:55  Medivac  
  180  11:56  Viking  
  176  12:05  Marauder  
  166  12:12  Marauder x2  
  166  12:14  Ghost Academy  
Show
View Real Time Build Order
Export as new Build Order

MaxPax Protoss 

Build Orders: 1 Gate Expand, Phoenix Opening 

Get SALT Encoding   

  12  0:01  Probe  
  13  0:13  Probe  
  14  0:17  Pylon  
  14  0:25  Probe (Chrono Boost)  
  15  0:37  Gateway, Probe (Chrono Boost)  
  16  0:44  Probe (Chrono Boost)  
  16  0:46  Assimilator  
  17  0:52  Probe  
  18  1:04  Probe  
  19  1:16  Probe  
  20  1:23  Cybernetics Core  
  20  1:30  Nexus  
  20  1:33  Probe  
  21  1:40  Pylon  
  21  1:45  Probe  
  22  1:47  Assimilator  
  22  1:56  Adept (Chrono Boost)  
  22  1:57  Probe  
  25  2:06  Shield Battery  
  25  2:09  Probe  
  26  2:16  Adept (Chrono Boost)  
  26  2:21  Probe  
  29  2:33  Stargate  
  29  2:34  Probe (Chrono Boost)  
  30  2:44  Probe (Chrono Boost)  
  30  2:46  Warp Gate  
  32  2:51  Probe (Chrono Boost)  
  32  2:54  Probe (Chrono Boost)  
  34  2:58  Probe (Chrono Boost)  
  34  2:59  Probe (Chrono Boost)  
  35  3:10  Probe x2  
  37  3:15  Phoenix (Chrono Boost)  
  37  3:19  Gateway  
  39  3:20  Gateway  
  39  3:22  Probe  
  39  3:23  Probe  
  41  3:28  Pylon  
  41  3:31  Phoenix  
  43  3:34  Probe  
  43  3:35  Probe  
  45  3:46  Probe  
  45  3:48  Probe  
  47  3:55  Nexus  
  47  3:59  Phoenix, Probe  
  47  4:01  Probe  
  51  4:11  Probe, Pylon  
  51  4:13  Probe  
  51  4:16  Pylon  
  53  4:23  Twilight Council, Probe  
  54  4:29  Phoenix, Probe  
  57  4:31  Shield Battery  
  57  4:35  Probe  
  58  4:42  Probe (Chrono Boost)  
  59  4:47  Forge, Probe (Chrono Boost)  
  60  4:54  Probe (Chrono Boost)  
  60  4:56  Charge (Chrono Boost), Pylon  
  60  4:57  Sentry  
  60  4:58  Zealot x2  
  60  4:59  Probe (Chrono Boost)  
  68  5:01  Probe (Chrono Boost)  
  68  5:05  Probe (Chrono Boost)  
  70  5:09  Shield Battery  
  71  5:14  Protoss Ground Weapons Level 1, Probe (Chrono Boost)  
  71  5:15  Gateway x2  
  71  5:18  Probe x2 (Chrono Boost), Gateway  
  72  5:21  Probe (Chrono Boost)  
  72  5:24  Probe  
  72  5:25  Probe  
  74  5:29  Zealot, Sentry  
  74  5:31  Zealot  
  74  5:33  Probe  
  81  5:40  Gateway  
  81  5:42  Shield Battery, Gateway  
  80  5:44  Pylon  
  80  5:46  Probe  
  81  5:52  Zealot x2  
  81  5:53  Zealot  
  81  5:55  Phoenix  
  81  5:56  Probe  
  90  5:57  Probe  
  90  5:58  Probe  
  92  6:08  Probe  
  92  6:09  Gateway  
  92  6:11  Gateway  
  93  6:12  Probe, Pylon  
  93  6:14  Zealot x2, Robotics Facility  
  98  6:23  Pylon  
  98  6:24  Zealot  
  100  6:30  Pylon x2  
  100  6:33  Zealot x3  
  100  6:34  Pylon  
  100  6:38  Zealot  
  108  6:42  Zealot x3  
  108  6:43  Phoenix  
  108  6:44  Probe  
  108  6:46  Assimilator  
  117  6:50  Zealot, Assimilator  
  117  6:51  Probe  
  120  7:07  Probe  
  120  7:08  Warp Prism (Chrono Boost)  
  103  7:09  Nexus  
  105  7:16  Robotics Bay  
  105  7:18  Sentry  
  105  7:19  Zealot x5  
  117  7:24  Zealot x3  
  123  7:30  Zealot  
  123  7:32  Protoss Ground Weapons Level 2 (Chrono Boost)  
  123  7:33  Shield Battery  
  123  7:35  Pylon  
  123  7:40  Zealot x3  
  127  7:48  Zealot x4  
  127  7:50  Zealot  
  123  7:52  Zealot x2  
  121  8:01  Zealot x3  
  109  8:06  Phoenix  
  109  8:12  Colossus (Chrono Boost)  
  99  8:17  Nexus, Blink (Chrono Boost)  
  105  8:25  Zealot x5  
  111  8:35  Stalker x2  
  111  8:36  Pylon  
  115  8:41  Zealot x3  
  116  8:49  Stalker x2  
  116  8:50  Stalker  
  120  8:58  Zealot, Stalker x2  
  115  9:13  Probe x3  
  115  9:14  Stalker x3  
  116  9:21  Zealot x2, Photon Cannon  
  116  9:22  Zealot x3  
  123  9:25  Probe x2  
  125  9:31  Pylon  
  125  9:35  Pylon  
  125  9:42  Photon Cannon  
  125  9:47  Observer (Chrono Boost)  
  124  10:01  Warp Prism (Chrono Boost)  
  124  10:03  Nexus, Robotics Bay  
  124  10:04  Zealot x4  
  124  10:05  Pylon  
  130  10:14  Zealot x3  
  130  10:15  Zealot  
  130  10:19  Zealot x2  
  141  10:36  Pylon  
  141  10:37  Pylon  
  141  10:54  Nexus, Stalker x4  
  141  10:55  Stalker x2  
  141  11:07  Probe  
  142  11:14  Probe  
  150  11:19  Probe, Pylon  
  150  11:26  Zealot  
  150  11:27  Disruptor (Chrono Boost)  
  150  11:30  Robotics Facility  
  145  11:43  Photon Cannon  
  145  11:45  Pylon  
  145  11:46  Stalker  
  145  11:47  Zealot x5  
  145  11:50  Shield Battery  
  145  11:52  Disruptor (Chrono Boost)  
  158  11:58  Photon Cannon  
  152  12:07  Zealot x4  
  142  12:09  Probe  
  122  12:22  Zealot x4  
  100  12:30  Zealot x2  
  100  12:33  Zealot  
Tags
 
Add a new tag
Caveats
  • Supply blocks, unpowered buildings, or Contaminate may cause inaccurate times.
  • Supply counts are checked every 10 seconds.